Arizona Coyotes vs Calgary Flames
Created - Tuesday, October 17, 2023 at 07:13
Goals
|
| Arizona Coyotes |
0 |
2 |
1 |
3 |
| Calgary Flames |
0 |
2 |
3 |
5 |
|
Shots
|
| Arizona Coyotes |
7 |
16 |
14 |
37 |
| Calgary Flames |
5 |
14 |
18 |
37 |
|
1st period
No Goal
Penalties :
Jeff Petry (CGY) for Roughing (Minor) at 1:14
2nd period
1. Arizona Coyotes , Charlie Coyle 8 (Claude Giroux 23, Mats Zuccarello 30) at 2:19
2. Calgary Flames , Matthew Tkachuk 17 (Valeri Nichushkin 20, J.T. Miller 18) at 5:24 (PP)
3. Calgary Flames , Kris Letang 3 (Sebastian Aho 25, Timo Meier 23) at 11:03 (PP)
4. Arizona Coyotes , Dmitry Orlov 3 (Jared Spurgeon 9, Mats Zuccarello 31) at 19:08 (PP)
Penalties :
Brock McGinn (AZC) for Hooking (Minor) at 3:48, Erik Haula (AZC) for Boarding (Minor) at 10:12, Timo Meier (CGY) for Slashing (Minor) at 18:59, Claude Giroux (AZC) for Holding (Minor) at 19:32
3rd period
5. Calgary Flames , Timo Meier 18 (Zach Hyman 21, Sebastian Aho 26) at 2:27 (PP)
6. Calgary Flames , Rasmus Andersson 2 (Rafael Harvey-Pinard 6, Michael Anderson 3) at 5:08
7. Arizona Coyotes , T.J. Oshie 19 (Dmitry Orlov 11, Erik Haula 22) at 7:51
8. Calgary Flames , Sebastian Aho 16 (Zach Hyman 22, Jeff Petry 11) at 13:10 (PP)
Penalties :
Brayden McNabb (AZC) for Hooking (Minor) at 2:10, James van Riemsdyk (AZC) for Tripping (Minor) at 12:53
Goalie Stats
Carter Hart (AZC), 32 saves from 37 shots - (0.865), L, 17-14-2, 60:00 minutes
Ilya Sorokin (CGY), 34 saves from 37 shots - (0.919), W, 13-12-0, 60:00 minutes
Players Stats for Arizona Coyotes
Player Name G A P +/- PIM S H SB GA TA FO MP PP MP PK MP
------------------------------------------------------------------------------------
Brandon Tanev 0 0 0 0 0 0 0 0 0 1 1/1 9:28 0:15 0:00
Brayden McNabb 0 0 0 0 2 0 1 2 0 0 0/0 23:32 0:54 2:42
Brock McGinn 0 0 0 0 2 3 1 0 0 0 0/0 9:01 0:00 0:00
Charlie Coyle 1 0 1 0 0 3 0 0 1 0 0/1 19:54 0:33 2:22
Claude Giroux 0 1 1 0 2 3 2 1 1 0 19/27 19:18 0:34 1:22
Dmitry Orlov 1 1 2 2 0 2 1 2 0 0 0/0 22:09 1:14 2:18
Erik Haula 0 1 1 1 2 1 1 1 1 0 0/1 14:43 0:59 0:00
James van Riemsdyk 0 0 0 0 2 4 0 1 0 0 0/0 13:07 0:33 0:00
Jani Hakanpaa 0 0 0 0 0 0 4 2 0 0 0/0 23:33 0:54 2:42
Jared Spurgeon 0 1 1 2 0 2 0 0 1 3 0/0 22:09 1:14 2:18
Mark Jankowski 0 0 0 0 0 1 0 0 0 0 1/3 9:02 0:00 0:00
Mason McTavish 0 0 0 0 0 4 4 0 0 0 2/6 13:11 0:43 0:00
Mats Zuccarello 0 2 2 0 0 7 0 1 1 0 1/1 20:55 0:40 2:38
Matt Dumba 0 0 0 -1 0 0 1 0 0 0 0/0 14:18 0:00 0:00
Ondrej Palat 0 0 0 0 0 1 1 1 0 0 2/7 14:27 0:09 1:16
Radko Gudas 0 0 0 -1 0 0 0 2 0 0 0/0 14:18 0:00 0:00
T.J. Oshie 1 0 1 1 0 3 3 0 1 0 0/1 14:44 0:59 0:00
Tyler Seguin 0 0 0 1 0 3 0 0 1 0 8/15 17:06 0:59 2:22
Players Stats for Calgary Flames
Player Name G A P +/- PIM S H SB GA TA FO MP PP MP PK MP
------------------------------------------------------------------------------------
Drew Doughty 0 0 0 -1 0 1 0 0 0 1 0/0 22:04 2:25 1:03
J.T. Miller 0 1 1 0 0 1 2 0 0 0 12/24 18:23 2:31 0:00
Jacob Peterson 0 0 0 0 0 2 2 0 0 0 0/1 6:17 0:00 0:00
Jeff Petry 0 1 1 -1 2 2 1 1 0 0 0/0 22:07 2:35 0:00
Joel Eriksson Ek 0 0 0 -1 0 0 2 4 0 1 0/1 16:18 0:00 0:54
Kris Letang 1 0 1 -1 0 1 3 1 0 1 0/0 22:04 2:25 1:03
Logan Couture 0 0 0 0 0 1 0 0 0 0 6/14 15:00 0:00 0:00
Mathieu Joseph 0 0 0 0 0 2 0 0 0 0 0/0 7:42 0:00 1:07
Matthew Tkachuk 1 0 1 0 0 1 2 0 0 0 0/0 19:00 2:31 0:18
Michael Anderson 0 1 1 1 0 0 1 0 0 0 0/0 15:49 0:00 1:05
Nic Dowd 0 0 0 0 0 1 0 0 0 0 2/3 7:42 0:00 1:07
Rafael Harvey-Pinard 0 1 1 0 0 1 0 0 0 1 0/0 15:43 0:00 0:43
Rasmus Andersson 1 0 1 1 0 2 1 1 0 0 0/0 15:40 0:00 0:00
Ryan McDonagh 0 0 0 -1 0 1 0 1 0 2 0/0 22:16 2:35 1:05
Sebastian Aho 1 2 3 -1 0 7 3 0 0 0 8/15 18:01 2:29 0:07
Timo Meier 1 1 2 0 2 9 2 0 1 1 1/2 17:28 2:29 0:00
Valeri Nichushkin 0 1 1 0 0 4 1 0 3 0 0/1 18:23 2:31 0:00
Zach Hyman 0 2 2 -1 0 1 2 1 0 0 0/2 17:53 2:29 0:00
3 Stars
1 - Sebastian Aho (CGY)
2 - Dmitry Orlov (AZC)
3 - Rasmus Andersson (CGY)
Power Play
Arizona Coyotes - 1 on 2 Attempt(s) - 50.00%
Calgary Flames - 4 on 5 Attempt(s) - 80.00%
Penalty Kill
Arizona Coyotes - 1 on 5 Attempt(s) - 20.00%
- Score 0 goal in Penalty Kill
Calgary Flames - 1 on 2 Attempt(s) - 50.00%
- Score 0 goal in Penalty Kill
Team Stat
Arizona Coyotes - Hits : 19 - Faceoff Wins : 34 - Blocked Shots : 13 - Penalty Minutes : 10
Calgary Flames - Hits : 22 - Faceoff Wins : 29 - Blocked Shots : 9 - Penalty Minutes : 4
Official
Referees : Kevin Pollock and Brian Pochmara
Linesman : Shandor Alphonso and Trent Knorr
Game Notes
No Game Note
Finance
Level 1 -- Attendance: 4748 (79.13%) -- Ticket Income $474,800
Level 2 -- Attendance: 3432 (68.64%) -- Ticket Income $205,920
Level 3 -- Attendance: 2348 (78.27%) -- Ticket Income $82,180
Level 4 -- Attendance: 4039 (80.78%) -- Ticket Income $100,975
Luxury Box -- Attendance: 733 (73.30%) -- Ticket Income $146,600
Game was played at the Scotiabank Saddledome.
Total Attendance: 15300 (76.50%)
Total Ticket Income: $1,010,475
Other Income: $353,666
Total Income: $1,364,141
Arizona Coyotes
5 vs 5 Forward
Center Left Wing Right Wing Time % Phy DF OF
1 Claude Giroux Mats Zuccarello Charlie Coyle 35 1 2 2
2 Tyler Seguin Erik Haula T.J. Oshie 30 1 2 2
3 Mason McTavish James van Riemsdyk Ondrej Palat 25 1 2 2
4 Mark Jankowski Brandon Tanev Brock McGinn 10 1 2 2
5 vs 5 Defense
Defense Defense Time % Phy DF OF
1 Jani Hakanpaa Brayden McNabb 35 1 2 2
2 Dmitry Orlov Jared Spurgeon 35 1 3 1
3 Radko Gudas Matt Dumba 25 1 2 2
4 Jani Hakanpaa Brayden McNabb 5 1 2 2
PowerPlay Forward
Center Left Wing Right Wing Time % Phy DF OF
1 Claude Giroux Mats Zuccarello Charlie Coyle 60 0 2 3
2 Tyler Seguin Erik Haula T.J. Oshie 40 0 2 3
PowerPlay Defense
Defense Defense Time % Phy DF OF
1 Dmitry Orlov Jared Spurgeon 55 0 2 3
2 Jani Hakanpaa Brayden McNabb 45 0 2 3
Penalty Kill 4 Players Forward
Center Wing Time % Phy DF OF
1 Claude Giroux Mats Zuccarello 50 1 2 2
2 Charlie Coyle Tyler Seguin 50 1 2 2
Penalty Kill 4 Players Defense
Defense Defense Time % Phy DF OF
1 Brayden McNabb Jani Hakanpaa 50 1 2 2
2 Dmitry Orlov Jared Spurgeon 50 1 2 2
Penalty Kill - 3 Players Forward
Forward Time % Phy DF OF
1 Tyler Seguin 50 1 2 2
2 Erik Haula 50 1 2 2
Penalty Kill - 3 Players Defense
Defense Defense Time % Phy DF OF
1 Jani Hakanpaa Brayden McNabb 50 1 2 2
2 Matt Dumba Radko Gudas 50 1 2 2
4 vs 4 Forward
Center Wing Time % Phy DF OF
1 Claude Giroux Mats Zuccarello 50 1 1 3
2 Charlie Coyle Tyler Seguin 50 1 1 3
4 vs 4 Defense
Defense Defense Time % Phy DF OF
1 Dmitry Orlov Jared Spurgeon 50 1 3 1
2 Jani Hakanpaa Brayden McNabb 50 1 2 2
Last Minutes Offensive
Center Left Wing Right Wing Defense Defense
Claude Giroux Mats Zuccarello Charlie Coyle Dmitry Orlov Jared Spurgeon
Last Minutes Defensive
Center Left Wing Right Wing Defense Defense
Claude Giroux Mats Zuccarello Charlie Coyle Dmitry Orlov Jared Spurgeon
Goaltenders
Starting : Carter Hart
Backup : Kaapo Kahkonen
Extra Forwards
Normal : James van Riemsdyk, Mason McTavish, Ondrej Palat - PP : James van Riemsdyk, Mason McTavish - PK : Ondrej Palat
Extra Defensemen
Normal : Radko Gudas, Matt Dumba, Jani Hakanpaa - PP : Radko Gudas - PK : Matt Dumba, Jani Hakanpaa
Penalty Shots
Claude Giroux, Mats Zuccarello, Charlie Coyle, Tyler Seguin, T.J. Oshie
Calgary Flames
5 vs 5 Forward
Center Left Wing Right Wing Time % Phy DF OF
1 J.T. Miller Matthew Tkachuk Valeri Nichushkin 31 1 1 2
2 Sebastian Aho Zach Hyman Joel Eriksson Ek 30 1 2 2
3 Logan Couture Rafael Harvey-Pinard Timo Meier 29 1 2 2
4 Nic Dowd Jacob Peterson Mathieu Joseph 10 1 2 2
5 vs 5 Defense
Defense Defense Time % Phy DF OF
1 Kris Letang Drew Doughty 35 1 2 2
2 Jeff Petry Ryan McDonagh 35 1 2 2
3 Rasmus Andersson Michael Anderson 30 1 2 2
4 Kris Letang Drew Doughty 0 1 2 2
PowerPlay Forward
Center Left Wing Right Wing Time % Phy DF OF
1 J.T. Miller Matthew Tkachuk Valeri Nichushkin 50 0 0 5
2 Sebastian Aho Zach Hyman Timo Meier 50 0 0 5
PowerPlay Defense
Defense Defense Time % Phy DF OF
1 Kris Letang Drew Doughty 50 0 2 3
2 Jeff Petry Ryan McDonagh 50 0 2 3
Penalty Kill 4 Players Forward
Center Wing Time % Phy DF OF
1 Joel Eriksson Ek Rafael Harvey-Pinard 50 0 5 0
2 Nic Dowd Mathieu Joseph 50 0 5 0
Penalty Kill 4 Players Defense
Defense Defense Time % Phy DF OF
1 Kris Letang Drew Doughty 50 0 5 0
2 Jeff Petry Ryan McDonagh 50 0 5 0
Penalty Kill - 3 Players Forward
Forward Time % Phy DF OF
1 J.T. Miller 50 0 5 0
2 Sebastian Aho 50 0 5 0
Penalty Kill - 3 Players Defense
Defense Defense Time % Phy DF OF
1 Kris Letang Drew Doughty 50 0 5 0
2 Jeff Petry Ryan McDonagh 50 0 5 0
4 vs 4 Forward
Center Wing Time % Phy DF OF
1 J.T. Miller Matthew Tkachuk 50 1 2 2
2 Sebastian Aho Logan Couture 50 1 2 2
4 vs 4 Defense
Defense Defense Time % Phy DF OF
1 Kris Letang Drew Doughty 50 1 2 2
2 Jeff Petry Ryan McDonagh 50 1 2 2
Last Minutes Offensive
Center Left Wing Right Wing Defense Defense
J.T. Miller Matthew Tkachuk Sebastian Aho Kris Letang Drew Doughty
Last Minutes Defensive
Center Left Wing Right Wing Defense Defense
J.T. Miller Sebastian Aho Valeri Nichushkin Kris Letang Drew Doughty
Goaltenders
Starting : Ilya Sorokin
Backup : Samuel Montembeault
Extra Forwards
Normal : Nic Dowd, Joel Eriksson Ek, Mathieu Joseph - PP : Nic Dowd, Joel Eriksson Ek - PK : Mathieu Joseph
Extra Defensemen
Normal : Rasmus Andersson, Michael Anderson, Jeff Petry - PP : Rasmus Andersson - PK : Michael Anderson, Jeff Petry
Penalty Shots
J.T. Miller, Matthew Tkachuk, Sebastian Aho, Logan Couture, Joel Eriksson Ek
% Time on Ice - Arizona Coyotes
Lines # - Real PCT - Wanted PCT - Time Play
Normal Forward
1 - 34% - 35% - 17:54
2 - 26% - 30% - 13:45
3 - 23% - 25% - 12:11
4 - 17% - 10% - 9:02
Normal Defense
1 - 35% - 35% - 18:45
2 - 36% - 35% - 18:59
3 - 27% - 25% - 14:18
4 - 2% - 5% - 0:50
PP Forward
1 - 54% - 60% - 1:09
2 - 46% - 40% - 0:59
PP Defense
1 - 58% - 55% - 1:14
2 - 42% - 45% - 0:54
PK Forward
1 - 53% - 50% - 2:38
2 - 47% - 50% - 2:22
PK Defense
1 - 54% - 50% - 2:42
2 - 46% - 50% - 2:18
PK3 Forward
1 - 0% - 50%
2 - 0% - 50%
PK3 Defense
1 - 0% - 50%
2 - 0% - 50%
44 Forward
1 - 0% - 50%
2 - 0% - 50%
44 Defense
1 - 0% - 50%
2 - 0% - 50%
Last Minute Offensive - 0:00
Last Minute Defensive - 0:00
Total
Forward - 60:00
Defense - 60:00
|
% Time on Ice - Calgary Flames
Lines # - Real PCT - Wanted PCT - Time Play
Normal Forward
1 - 30% - 31% - 15:53
2 - 30% - 30% - 15:42
3 - 28% - 29% - 15:00
4 - 12% - 10% - 6:17
Normal Defense
1 - 35% - 35% - 18:36
2 - 35% - 35% - 18:36
3 - 30% - 30% - 15:40
4 - 0% - 0% - 0:00
PP Forward
1 - 50% - 50% - 2:31
2 - 50% - 50% - 2:29
PP Defense
1 - 48% - 50% - 2:25
2 - 52% - 50% - 2:35
PK Forward
1 - 48% - 50% - 1:01
2 - 52% - 50% - 1:07
PK Defense
1 - 49% - 50% - 1:03
2 - 51% - 50% - 1:05
PK3 Forward
1 - 0% - 50%
2 - 0% - 50%
PK3 Defense
1 - 0% - 50%
2 - 0% - 50%
44 Forward
1 - 0% - 50%
2 - 0% - 50%
44 Defense
1 - 0% - 50%
2 - 0% - 50%
Last Minute Offensive - 0:00
Last Minute Defensive - 0:00
Total
Forward - 60:00
Defense - 60:00
|
Play-by-Play
1st period
0:01 of 1st period - J.T. Miller wins face-off versus Claude Giroux in neutral zone.
1:05 of 1st period - Slapshot by Jani Hakanpaa.
1:05 of 1st period - Shot Misses the Net.
1:14 of 1st period - Minor Penalty to Jeff Petry for Roughing.
1:15 of 1st period - Nic Dowd wins face-off versus Erik Haula in Calgary Flames zone.
1:15 of 1st period - Nic Dowd is hit by T.J. Oshie.
2:14 of 1st period - Snap shot by Matthew Tkachuk.
2:14 of 1st period - Shot Misses the Net.
3:14 of 1st period - Penalty to Jeff Petry is over, Jeff Petry is back on ice.
3:20 of 1st period - Wrist shot by J.T. Miller.
3:20 of 1st period - Shot Misses the Net.
4:58 of 1st period - Jared Spurgeon is hit by Timo Meier and loses puck.
5:09 of 1st period - Jared Spurgeon is hit by J.T. Miller and loses puck.
5:22 of 1st period - J.T. Miller is hit by Matt Dumba and loses puck.
5:49 of 1st period - Nic Dowd is hit by Brock McGinn.
6:38 of 1st period - J.T. Miller is hit by Ondrej Palat and loses puck.
7:12 of 1st period - Kris Letang is hit by Mason McTavish and loses puck.
7:23 of 1st period - Drew Doughty is hit by Claude Giroux and loses puck.
8:22 of 1st period - Michael Anderson is hit by Mason McTavish and loses puck.
8:37 of 1st period - Dmitry Orlov is hit by Valeri Nichushkin.
8:49 of 1st period - Jeff Petry is hit by Jani Hakanpaa and loses puck.
9:11 of 1st period - Slapshot by Ryan McDonagh.
9:11 of 1st period - Shot Blocked by Brayden McNabb.
9:27 of 1st period - Snap shot by Tyler Seguin.
9:27 of 1st period - Stopped by Ilya Sorokin without a rebound.
9:28 of 1st period - Tyler Seguin wins face-off versus Sebastian Aho in Calgary Flames zone.
9:29 of 1st period - Snap shot by Erik Haula.
9:29 of 1st period - Shot Hit the Post.
9:35 of 1st period - Snap shot by Erik Haula.
9:35 of 1st period - Stopped by Ilya Sorokin without a rebound.
9:36 of 1st period - Tyler Seguin wins face-off versus Sebastian Aho in Calgary Flames zone.
10:05 of 1st period - Slapshot by Mason McTavish.
10:05 of 1st period - Stopped by Ilya Sorokin with a rebound.
10:09 of 1st period - Wrist shot by Mason McTavish.
10:09 of 1st period - Shot Misses the Net.
10:37 of 1st period - Snap shot by Timo Meier.
10:37 of 1st period - Stopped by Carter Hart with a rebound.
10:39 of 1st period - Slapshot by Drew Doughty.
10:39 of 1st period - Shot Misses the Net.
12:12 of 1st period - Wrist shot by Zach Hyman.
12:12 of 1st period - Stopped by Carter Hart without a rebound.
12:13 of 1st period - Sebastian Aho wins face-off versus Mason McTavish in Arizona Coyotes zone.
12:18 of 1st period - Wrist shot by Sebastian Aho.
12:18 of 1st period - Shot Blocked by Ondrej Palat.
12:20 of 1st period - Snap shot by Zach Hyman.
12:20 of 1st period - Deflect By Sebastian Aho.
12:20 of 1st period - Stopped by Carter Hart with a rebound.
12:22 of 1st period - Slapshot by Sebastian Aho.
12:22 of 1st period - Stopped by Carter Hart without a rebound.
12:23 of 1st period - Sebastian Aho wins face-off versus Tyler Seguin in Arizona Coyotes zone.
13:32 of 1st period - Snap shot by T.J. Oshie.
13:32 of 1st period - Stopped by Ilya Sorokin without a rebound.
13:33 of 1st period - Sebastian Aho wins face-off versus Tyler Seguin in Calgary Flames zone.
14:04 of 1st period - Charlie Coyle is hit by Matthew Tkachuk and loses puck.
14:23 of 1st period - Slapshot by Brock McGinn.
14:23 of 1st period - Stopped by Ilya Sorokin without a rebound.
14:24 of 1st period - Logan Couture wins face-off versus Mark Jankowski in Calgary Flames zone.
14:50 of 1st period - Off-side.
14:51 of 1st period - Sebastian Aho wins face-off versus T.J. Oshie in neutral zone.
15:24 of 1st period - Snap shot by T.J. Oshie.
15:24 of 1st period - Shot Blocked by Zach Hyman.
15:26 of 1st period - Slapshot by Dmitry Orlov.
15:26 of 1st period - Stopped by Ilya Sorokin without a rebound.
15:27 of 1st period - J.T. Miller wins face-off versus Mason McTavish in Calgary Flames zone.
15:42 of 1st period - Slapshot by James van Riemsdyk.
15:42 of 1st period - Stopped by Ilya Sorokin without a rebound.
15:43 of 1st period - Claude Giroux wins face-off versus Logan Couture in Calgary Flames zone.
16:24 of 1st period - Wrist shot by Valeri Nichushkin.
16:24 of 1st period - Shot Misses the Net.
16:50 of 1st period - Jani Hakanpaa is hit by Joel Eriksson Ek and loses puck.
17:13 of 1st period - Sebastian Aho is hit by Dmitry Orlov and loses puck.
17:36 of 1st period - Mark Jankowski is hit by Timo Meier.
17:55 of 1st period - Radko Gudas is hit by Matthew Tkachuk.
18:38 of 1st period - Valeri Nichushkin is hit by Claude Giroux.
18:56 of 1st period - Snap shot by James van Riemsdyk.
18:56 of 1st period - Shot Blocked by Rasmus Andersson.
19:12 of 1st period - Snap shot by Sebastian Aho.
19:12 of 1st period - Stopped by Carter Hart with a rebound.
19:24 of 1st period - Mark Jankowski is hit by J.T. Miller and loses puck.
19:55 of 1st period - Erik Haula is hit by Sebastian Aho.
Goals for this period are 0 for Arizona Coyotes vs 0 for Calgary Flames.
Shots for this period are 7 for Arizona Coyotes vs 5 for Calgary Flames.
2nd period
0:01 of 2nd period - J.T. Miller wins face-off versus Claude Giroux in neutral zone.
0:12 of 2nd period - Snap shot by Charlie Coyle.
0:12 of 2nd period - Shot Misses the Net.
1:11 of 2nd period - Wrist shot by Nic Dowd.
1:11 of 2nd period - Stopped by Carter Hart with a rebound.
1:13 of 2nd period - Wrist shot by Mathieu Joseph.
1:13 of 2nd period - Stopped by Carter Hart with a rebound.
1:15 of 2nd period - Wrist shot by Jacob Peterson.
1:15 of 2nd period - Stopped by Carter Hart without a rebound.
1:16 of 2nd period - J.T. Miller wins face-off versus Mark Jankowski in Arizona Coyotes zone.
1:33 of 2nd period - Snap shot by J.T. Miller.
1:33 of 2nd period - Shot Misses the Net.
1:57 of 2nd period - Snap shot by Joel Eriksson Ek.
1:57 of 2nd period - Shot Misses the Net.
2:17 of 2nd period - Wrist shot by Claude Giroux.
2:17 of 2nd period - Shot Misses the Net.
2:19 of 2nd period - Wrist shot by Charlie Coyle.
2:19 of 2nd period - Goal by Charlie Coyle - Arizona Coyotes : 1 - Calgary Flames : 0.
2:20 of 2nd period - Claude Giroux wins face-off versus J.T. Miller in neutral zone.
2:47 of 2nd period - Matthew Tkachuk is hit by Mason McTavish and loses puck.
3:14 of 2nd period - Ryan McDonagh is hit by Erik Haula and loses puck.
3:48 of 2nd period - Minor Penalty to Brock McGinn for Hooking.
3:49 of 2nd period - Claude Giroux wins face-off versus Sebastian Aho in Arizona Coyotes zone.
4:00 of 2nd period - Slapshot by Kris Letang.
4:00 of 2nd period - Shot Misses the Net.
4:02 of 2nd period - Slapshot by Drew Doughty.
4:02 of 2nd period - Stopped by Carter Hart with a rebound.
4:20 of 2nd period - Icing by J.T. Miller.
4:21 of 2nd period - Claude Giroux wins face-off versus J.T. Miller in Calgary Flames zone.
4:22 of 2nd period - Slapshot by Mats Zuccarello.
4:22 of 2nd period - Stopped by Ilya Sorokin with a rebound.
4:38 of 2nd period - Icing by Kris Letang.
4:39 of 2nd period - J.T. Miller wins face-off versus Charlie Coyle in Calgary Flames zone.
4:46 of 2nd period - Slapshot by Kris Letang.
4:46 of 2nd period - Shot Misses the Net.
5:24 of 2nd period - Snap shot by Matthew Tkachuk.
5:24 of 2nd period - Goal by Matthew Tkachuk - Arizona Coyotes : 1 - Calgary Flames : 1.
5:25 of 2nd period - Mason McTavish wins face-off versus Sebastian Aho in neutral zone.
6:29 of 2nd period - Icing by Mark Jankowski.
6:30 of 2nd period - Mark Jankowski wins face-off versus J.T. Miller in Arizona Coyotes zone.
6:35 of 2nd period - Slapshot by Brandon Tanev.
6:35 of 2nd period - Shot Misses the Net.
7:02 of 2nd period - Icing by Brayden McNabb.
7:03 of 2nd period - Claude Giroux wins face-off versus Logan Couture in Arizona Coyotes zone.
7:07 of 2nd period - Icing by Claude Giroux.
7:08 of 2nd period - Claude Giroux wins face-off versus Logan Couture in Arizona Coyotes zone.
7:13 of 2nd period - Snap shot by Claude Giroux.
7:13 of 2nd period - Stopped by Ilya Sorokin with a rebound.
7:15 of 2nd period - Snap shot by Charlie Coyle.
7:15 of 2nd period - Stopped by Ilya Sorokin without a rebound.
7:16 of 2nd period - Claude Giroux wins face-off versus J.T. Miller in Calgary Flames zone.
7:31 of 2nd period - Wrist shot by Mats Zuccarello.
7:31 of 2nd period - Stopped by Ilya Sorokin with a rebound.
8:05 of 2nd period - Snap shot by James van Riemsdyk.
8:05 of 2nd period - Stopped by Ilya Sorokin with a rebound.
8:07 of 2nd period - Snap shot by Mason McTavish.
8:07 of 2nd period - Stopped by Ilya Sorokin without a rebound.
8:08 of 2nd period - Claude Giroux wins face-off versus Logan Couture in Calgary Flames zone.
8:09 of 2nd period - Snap shot by Mats Zuccarello.
8:09 of 2nd period - Shot Misses the Net.
8:35 of 2nd period - Valeri Nichushkin is hit by Jani Hakanpaa and loses puck.
9:23 of 2nd period - Snap shot by Timo Meier.
9:23 of 2nd period - Stopped by Carter Hart with a rebound.
9:25 of 2nd period - Wrist shot by Jeff Petry.
9:25 of 2nd period - Shot Blocked by James van Riemsdyk.
9:27 of 2nd period - Snap shot by Jeff Petry.
9:27 of 2nd period - Stopped by Carter Hart without a rebound.
9:28 of 2nd period - Logan Couture wins face-off versus Claude Giroux in Arizona Coyotes zone.
9:35 of 2nd period - Snap shot by Mats Zuccarello.
9:35 of 2nd period - Stopped by Ilya Sorokin with a rebound.
10:12 of 2nd period - Minor Penalty to Erik Haula for Boarding.
10:13 of 2nd period - Claude Giroux wins face-off versus Zach Hyman in Arizona Coyotes zone.
10:20 of 2nd period - Wrist shot by Mats Zuccarello.
10:20 of 2nd period - Stopped by Ilya Sorokin with a rebound.
10:22 of 2nd period - Wrist shot by Claude Giroux.
10:22 of 2nd period - Shot Misses the Net.
10:51 of 2nd period - Wrist shot by J.T. Miller.
10:51 of 2nd period - Stopped by Carter Hart without a rebound.
10:52 of 2nd period - Sebastian Aho wins face-off versus Tyler Seguin in Arizona Coyotes zone.
11:01 of 2nd period - Wrist shot by Sebastian Aho.
11:01 of 2nd period - Shot Misses the Net.
11:03 of 2nd period - Slapshot by Kris Letang.
11:03 of 2nd period - Goal by Kris Letang - Arizona Coyotes : 1 - Calgary Flames : 2.
11:04 of 2nd period - Claude Giroux wins face-off versus J.T. Miller in neutral zone.
11:06 of 2nd period - Off-side.
11:07 of 2nd period - Claude Giroux wins face-off versus J.T. Miller in neutral zone.
11:34 of 2nd period - T.J. Oshie is hit by Joel Eriksson Ek.
12:24 of 2nd period - Wrist shot by Brock McGinn.
12:24 of 2nd period - Stopped by Ilya Sorokin without a rebound.
12:25 of 2nd period - Claude Giroux wins face-off versus J.T. Miller in Calgary Flames zone.
13:04 of 2nd period - Snap shot by Timo Meier.
13:04 of 2nd period - Shot Blocked by Radko Gudas.
13:06 of 2nd period - Wrist shot by Rafael Harvey-Pinard.
13:06 of 2nd period - Shot Misses the Net.
13:22 of 2nd period - Snap shot by T.J. Oshie.
13:22 of 2nd period - Stopped by Ilya Sorokin without a rebound.
13:23 of 2nd period - J.T. Miller wins face-off versus Tyler Seguin in Calgary Flames zone.
13:28 of 2nd period - Kris Letang is hit by T.J. Oshie and loses puck.
14:10 of 2nd period - James van Riemsdyk is hit by Zach Hyman and loses puck.
14:25 of 2nd period - Snap shot by Zach Hyman.
14:25 of 2nd period - Shot Blocked by Dmitry Orlov.
14:56 of 2nd period - Snap shot by James van Riemsdyk.
14:56 of 2nd period - Stopped by Ilya Sorokin with a rebound.
14:58 of 2nd period - Slapshot by Dmitry Orlov.
14:58 of 2nd period - Shot Blocked by Jeff Petry.
15:00 of 2nd period - Wrist shot by Jared Spurgeon.
15:00 of 2nd period - Shot Blocked by Joel Eriksson Ek.
15:02 of 2nd period - Wrist shot by Ondrej Palat.
15:02 of 2nd period - Deflect By Mason McTavish.
15:02 of 2nd period - Stopped by Ilya Sorokin with a rebound.
15:04 of 2nd period - Snap shot by Mason McTavish.
15:04 of 2nd period - Shot Misses the Net.
15:06 of 2nd period - Backhand shot by Ondrej Palat.
15:06 of 2nd period - Shot Blocked by Ryan McDonagh.
15:08 of 2nd period - Wrist shot by Ondrej Palat.
15:08 of 2nd period - Stopped by Ilya Sorokin without a rebound.
15:09 of 2nd period - Claude Giroux wins face-off versus Logan Couture in Calgary Flames zone.
15:14 of 2nd period - Wrist shot by Claude Giroux.
15:14 of 2nd period - Shot Misses the Net.
15:20 of 2nd period - Snap shot by Timo Meier.
15:20 of 2nd period - Stopped by Carter Hart without a rebound.
15:21 of 2nd period - J.T. Miller wins face-off versus Claude Giroux in Arizona Coyotes zone.
15:55 of 2nd period - Snap shot by Timo Meier.
15:55 of 2nd period - Shot Blocked by Jani Hakanpaa.
16:13 of 2nd period - Wrist shot by Mathieu Joseph.
16:13 of 2nd period - Shot Misses the Net.
16:15 of 2nd period - Snap shot by Mathieu Joseph.
16:15 of 2nd period - Stopped by Carter Hart with a rebound.
17:02 of 2nd period - Joel Eriksson Ek is hit by Mason McTavish.
17:16 of 2nd period - Jacob Peterson is hit by T.J. Oshie and loses puck.
17:31 of 2nd period - Ryan McDonagh is hit by Jani Hakanpaa and loses puck.
17:54 of 2nd period - Snap shot by Timo Meier.
17:54 of 2nd period - Stopped by Carter Hart without a rebound.
17:55 of 2nd period - Claude Giroux wins face-off versus Logan Couture in Arizona Coyotes zone.
18:28 of 2nd period - Wrist shot by Valeri Nichushkin.
18:28 of 2nd period - Stopped by Carter Hart with a rebound.
18:32 of 2nd period - Snap shot by Valeri Nichushkin.
18:32 of 2nd period - Stopped by Carter Hart with a rebound.
18:48 of 2nd period - Snap shot by Ondrej Palat.
18:48 of 2nd period - Shot Misses the Net.
18:50 of 2nd period - Wrist shot by Ondrej Palat.
18:50 of 2nd period - Shot Misses the Net.
18:52 of 2nd period - Snap shot by Radko Gudas.
18:52 of 2nd period - Shot Misses the Net.
18:54 of 2nd period - Slapshot by Matt Dumba.
18:54 of 2nd period - Shot Blocked by Joel Eriksson Ek.
18:56 of 2nd period - Slapshot by Radko Gudas.
18:56 of 2nd period - Deflect By James van Riemsdyk.
18:56 of 2nd period - Shot Misses the Net.
18:56 of 2nd period - Puck is out of play.
18:57 of 2nd period - Logan Couture wins face-off versus Claude Giroux in Calgary Flames zone.
18:59 of 2nd period - Minor Penalty to Timo Meier for Slashing.
19:00 of 2nd period - Claude Giroux wins face-off versus Nic Dowd in Calgary Flames zone.
19:02 of 2nd period - Wrist shot by Claude Giroux.
19:02 of 2nd period - Stopped by Ilya Sorokin with a rebound.
19:04 of 2nd period - Wrist shot by Mats Zuccarello.
19:04 of 2nd period - Shot Misses the Net.
19:06 of 2nd period - Slapshot by Jared Spurgeon.
19:06 of 2nd period - Shot Misses the Net.
19:08 of 2nd period - Snap shot by Dmitry Orlov.
19:08 of 2nd period - Goal by Dmitry Orlov - Arizona Coyotes : 2 - Calgary Flames : 2.
19:09 of 2nd period - Claude Giroux wins face-off versus Timo Meier in neutral zone.
19:26 of 2nd period - Wrist shot by Timo Meier.
19:26 of 2nd period - Shot Blocked by Mats Zuccarello.
19:32 of 2nd period - Minor Penalty to Claude Giroux for Holding.
19:33 of 2nd period - Sebastian Aho wins face-off versus Ondrej Palat in Arizona Coyotes zone.
Goals for this period are 2 for Arizona Coyotes vs 2 for Calgary Flames.
Shots for this period are 16 for Arizona Coyotes vs 14 for Calgary Flames.
3rd period
0:01 of 3rd period - Timo Meier wins face-off versus Ondrej Palat in neutral zone.
0:04 of 3rd period - Wrist shot by Sebastian Aho.
0:04 of 3rd period - Stopped by Carter Hart without a rebound.
0:05 of 3rd period - Sebastian Aho wins face-off versus Ondrej Palat in Arizona Coyotes zone.
0:18 of 3rd period - Wrist shot by Sebastian Aho.
0:18 of 3rd period - Deflect By Timo Meier.
0:18 of 3rd period - Stopped by Carter Hart without a rebound.
0:19 of 3rd period - Ondrej Palat wins face-off versus J.T. Miller in Arizona Coyotes zone.
0:49 of 3rd period - Icing by Jeff Petry.
0:50 of 3rd period - J.T. Miller wins face-off versus Ondrej Palat in Calgary Flames zone.
0:55 of 3rd period - Slapshot by Jeff Petry.
0:55 of 3rd period - Stopped by Carter Hart without a rebound.
0:56 of 3rd period - Ondrej Palat wins face-off versus Sebastian Aho in Arizona Coyotes zone.
1:25 of 3rd period - Wrist shot by Valeri Nichushkin.
1:25 of 3rd period - Stopped by Carter Hart with a rebound.
1:27 of 3rd period - Backhand shot by Ryan McDonagh.
1:27 of 3rd period - Stopped by Carter Hart without a rebound.
1:28 of 3rd period - J.T. Miller wins face-off versus Ondrej Palat in Arizona Coyotes zone.
1:32 of 3rd period - Penalty to Claude Giroux is over, Claude Giroux is back on ice.
1:39 of 3rd period - Slapshot by Valeri Nichushkin.
1:39 of 3rd period - Shot Blocked by Claude Giroux.
1:57 of 3rd period - Wrist shot by Matthew Tkachuk.
1:57 of 3rd period - Shot Misses the Net.
1:59 of 3rd period - Snap shot by Valeri Nichushkin.
1:59 of 3rd period - Stopped by Carter Hart without a rebound.
2:00 of 3rd period - Sebastian Aho wins face-off versus Tyler Seguin in Arizona Coyotes zone.
2:10 of 3rd period - Minor Penalty to Brayden McNabb for Hooking.
2:11 of 3rd period - Claude Giroux wins face-off versus Sebastian Aho in Arizona Coyotes zone.
2:17 of 3rd period - Wrist shot by Timo Meier.
2:17 of 3rd period - Stopped by Carter Hart with a rebound.
2:19 of 3rd period - Backhand shot by Timo Meier.
2:19 of 3rd period - Stopped by Carter Hart with a rebound.
2:21 of 3rd period - Slapshot by Sebastian Aho.
2:21 of 3rd period - Stopped by Carter Hart with a rebound.
2:23 of 3rd period - Snap shot by Sebastian Aho.
2:23 of 3rd period - Shot Blocked by Dmitry Orlov.
2:25 of 3rd period - Slapshot by Zach Hyman.
2:25 of 3rd period - Shot Misses the Net.
2:27 of 3rd period - Snap shot by Timo Meier.
2:27 of 3rd period - Goal by Timo Meier - Arizona Coyotes : 2 - Calgary Flames : 3.
2:28 of 3rd period - Logan Couture wins face-off versus Tyler Seguin in neutral zone.
2:37 of 3rd period - Wrist shot by Timo Meier.
2:37 of 3rd period - Shot Blocked by Jani Hakanpaa.
2:39 of 3rd period - Slapshot by Kris Letang.
2:39 of 3rd period - Shot Misses the Net.
3:00 of 3rd period - Snap shot by Tyler Seguin.
3:00 of 3rd period - Stopped by Ilya Sorokin without a rebound.
3:01 of 3rd period - J.T. Miller wins face-off versus Claude Giroux in Calgary Flames zone.
3:31 of 3rd period - Wrist shot by Sebastian Aho.
3:31 of 3rd period - Stopped by Carter Hart with a rebound.
3:37 of 3rd period - Wrist shot by Ondrej Palat.
3:37 of 3rd period - Shot Misses the Net.
3:59 of 3rd period - T.J. Oshie is hit by Michael Anderson and loses puck.
5:00 of 3rd period - Slapshot by Timo Meier.
5:00 of 3rd period - Stopped by Carter Hart with a rebound.
5:02 of 3rd period - Snap shot by Michael Anderson.
5:02 of 3rd period - Deflect By Rafael Harvey-Pinard.
5:02 of 3rd period - Stopped by Carter Hart with a rebound.
5:04 of 3rd period - Slapshot by Rasmus Andersson.
5:04 of 3rd period - Shot Misses the Net.
5:06 of 3rd period - Slapshot by Rasmus Andersson.
5:06 of 3rd period - Stopped by Carter Hart with a rebound.
5:08 of 3rd period - Slapshot by Rasmus Andersson.
5:08 of 3rd period - Goal by Rasmus Andersson - Arizona Coyotes : 2 - Calgary Flames : 4.
5:09 of 3rd period - Logan Couture wins face-off versus Claude Giroux in neutral zone.
5:21 of 3rd period - Wrist shot by Claude Giroux.
5:21 of 3rd period - Stopped by Ilya Sorokin with a rebound.
5:23 of 3rd period - Wrist shot by Mats Zuccarello.
5:23 of 3rd period - Stopped by Ilya Sorokin with a rebound.
5:25 of 3rd period - Slapshot by Jared Spurgeon.
5:25 of 3rd period - Stopped by Ilya Sorokin without a rebound.
5:26 of 3rd period - Tyler Seguin wins face-off versus Valeri Nichushkin in Calgary Flames zone.
5:53 of 3rd period - Mats Zuccarello is hit by Jacob Peterson.
5:56 of 3rd period - Off-side.
5:57 of 3rd period - Claude Giroux wins face-off versus Jacob Peterson in neutral zone.
6:04 of 3rd period - Wrist shot by Mats Zuccarello.
6:04 of 3rd period - Shot Misses the Net.
6:29 of 3rd period - Slapshot by Drew Doughty.
6:29 of 3rd period - Shot Blocked by Erik Haula.
7:15 of 3rd period - Slapshot by Brock McGinn.
7:15 of 3rd period - Shot Misses the Net.
7:37 of 3rd period - Snap shot by Logan Couture.
7:37 of 3rd period - Deflect By Claude Giroux.
7:37 of 3rd period - Stopped by Carter Hart without a rebound.
7:38 of 3rd period - Tyler Seguin wins face-off versus Joel Eriksson Ek in Arizona Coyotes zone.
7:45 of 3rd period - Slapshot by Tyler Seguin.
7:45 of 3rd period - Shot Blocked by Joel Eriksson Ek.
7:47 of 3rd period - Backhand shot by Erik Haula.
7:47 of 3rd period - Shot Misses the Net.
7:49 of 3rd period - Slapshot by Dmitry Orlov.
7:49 of 3rd period - Shot Blocked by Joel Eriksson Ek.
7:51 of 3rd period - Snap shot by T.J. Oshie.
7:51 of 3rd period - Goal by T.J. Oshie - Arizona Coyotes : 3 - Calgary Flames : 4.
7:52 of 3rd period - Mats Zuccarello wins face-off versus J.T. Miller in neutral zone.
7:59 of 3rd period - Snap shot by Mats Zuccarello.
7:59 of 3rd period - Stopped by Ilya Sorokin without a rebound.
8:00 of 3rd period - J.T. Miller wins face-off versus Claude Giroux in Calgary Flames zone.
8:13 of 3rd period - Slapshot by Mats Zuccarello.
8:13 of 3rd period - Stopped by Ilya Sorokin without a rebound.
8:14 of 3rd period - Tyler Seguin wins face-off versus Logan Couture in Calgary Flames zone.
8:17 of 3rd period - Backhand shot by Tyler Seguin.
8:17 of 3rd period - Stopped by Ilya Sorokin without a rebound.
8:18 of 3rd period - Logan Couture wins face-off versus Tyler Seguin in Calgary Flames zone.
8:57 of 3rd period - Ryan McDonagh is hit by Jani Hakanpaa and loses puck.
9:20 of 3rd period - Ondrej Palat is hit by Sebastian Aho and loses puck.
9:31 of 3rd period - Mason McTavish is hit by Kris Letang and loses puck.
9:37 of 3rd period - Jared Spurgeon is hit by Kris Letang and loses puck.
9:40 of 3rd period - Wrist shot by James van Riemsdyk.
9:40 of 3rd period - Stopped by Ilya Sorokin with a rebound.
9:42 of 3rd period - Slapshot by Ondrej Palat.
9:42 of 3rd period - Shot Hit the Post.
10:02 of 3rd period - Snap shot by Ondrej Palat.
10:02 of 3rd period - Shot Blocked by Kris Letang.
10:04 of 3rd period - Snap shot by Jared Spurgeon.
10:04 of 3rd period - Stopped by Ilya Sorokin without a rebound.
10:05 of 3rd period - Tyler Seguin wins face-off versus J.T. Miller in Calgary Flames zone.
10:08 of 3rd period - Wrist shot by T.J. Oshie.
10:08 of 3rd period - Shot Misses the Net.
10:30 of 3rd period - Rasmus Andersson is hit by Brayden McNabb.
10:48 of 3rd period - Mark Jankowski is hit by Sebastian Aho and loses puck.
11:03 of 3rd period - Icing by Brock McGinn.
11:04 of 3rd period - Brandon Tanev wins face-off versus J.T. Miller in Arizona Coyotes zone.
11:41 of 3rd period - Wrist shot by Claude Giroux.
11:41 of 3rd period - Shot Misses the Net.
11:43 of 3rd period - Snap shot by Charlie Coyle.
11:43 of 3rd period - Stopped by Ilya Sorokin without a rebound.
11:44 of 3rd period - Tyler Seguin wins face-off versus Zach Hyman in Calgary Flames zone.
12:53 of 3rd period - Minor Penalty to James van Riemsdyk for Tripping.
12:54 of 3rd period - Claude Giroux wins face-off versus Sebastian Aho in Arizona Coyotes zone.
12:54 of 3rd period - Claude Giroux is hit by Jeff Petry.
13:08 of 3rd period - Wrist shot by Zach Hyman.
13:08 of 3rd period - Shot Blocked by Brayden McNabb.
13:10 of 3rd period - Slapshot by Sebastian Aho.
13:10 of 3rd period - Goal by Sebastian Aho - Arizona Coyotes : 3 - Calgary Flames : 5.
13:11 of 3rd period - Tyler Seguin wins face-off versus J.T. Miller in neutral zone.
13:38 of 3rd period - Mats Zuccarello is hit by Kris Letang.
14:04 of 3rd period - Snap shot by Mason McTavish.
14:04 of 3rd period - Stopped by Ilya Sorokin without a rebound.
14:05 of 3rd period - J.T. Miller wins face-off versus Mason McTavish in Calgary Flames zone.
14:35 of 3rd period - Jared Spurgeon is hit by Zach Hyman.
14:56 of 3rd period - Mats Zuccarello is hit by Rasmus Andersson and loses puck.
15:24 of 3rd period - Snap shot by Mark Jankowski.
15:24 of 3rd period - Stopped by Ilya Sorokin without a rebound.
15:25 of 3rd period - Nic Dowd wins face-off versus Mason McTavish in Calgary Flames zone.
16:55 of 3rd period - Snap shot by Jacob Peterson.
16:55 of 3rd period - Stopped by Carter Hart with a rebound.
17:10 of 3rd period - Jani Hakanpaa is hit by Jacob Peterson and loses puck.
17:21 of 3rd period - Wrist shot by Mark Jankowski.
17:21 of 3rd period - Deflect By Brock McGinn.
17:21 of 3rd period - Stopped by Ilya Sorokin without a rebound.
17:22 of 3rd period - Mason McTavish wins face-off versus Logan Couture in Calgary Flames zone.
18:51 of 3rd period - Wrist shot by Jacob Peterson.
18:51 of 3rd period - Shot Blocked by Radko Gudas.
19:50 of 3rd period - Slapshot by Rasmus Andersson.
19:50 of 3rd period - Shot Misses the Net.
Goals for this period are 1 for Arizona Coyotes vs 3 for Calgary Flames.
Shots for this period are 14 for Arizona Coyotes vs 18 for Calgary Flames.
Back to the Top